 Dungeon Crawl Stone Soup version 0.24.0-123-gd5b16e6ec5 (webtiles) character file.

Game seed: 18159889085168760021, levelgen mode: deterministic

53 sagitran the Skirmisher (level 3, -4/31 HPs)
             Began as a Demigod Fighter on Dec 22, 2019.
             Slain by an iron imp (6 damage)
             ... summoned by Natasha
             ... on level 2 of the Dungeon.
             The game lasted 00:02:31 (635 turns).

sagitran the Skirmisher (Demigod Fighter)            Turns: 635, Time: 00:02:32

Health: -4/31      AC:  6    Str: 21    XL:     3   Next: 41%
Magic:  5/5        EV:  8    Int: 12    God:
Gold:   64         SH:  9    Dex: 15    Spells: 2/2 levels left

rFire    . . .     SeeInvis .   a - +0 long sword
rCold    . . .     Gourm    .   c - +0 shield
rNeg     . . .     Faith    .   b - +0 scale mail
rPois    .         Spirit   .   (no helmet)
rElec    .         Reflect  .   (no cloak)
rCorr    .         Harm     .   (no gloves)
MR       .....                  (no boots)
Stlth    ..........             (no amulet)
HPRegen  0.10/turn              (no ring)
MPRegen  0.09/turn              (no ring)

@: no status effects
A: high mp 1
a: no special abilities


You were on level 2 of the Dungeon.
You were not hungry.

You visited 1 branch of the dungeon, and saw 2 of its levels.

You collected 64 gold pieces.

Inventory:

Hand Weapons
 a - a +0 long sword (weapon)
Armour
 b - a +0 scale mail (worn)
 c - a +0 shield (worn)
Scrolls
 g - 2 scrolls of amnesia {unknown}
 i - a scroll of blinking {unknown}
 k - 3 scrolls of remove curse
 l - 2 scrolls of magic mapping
Potions
 d - a potion of might
 e - 3 potions of brilliance
 h - a potion of curing
 m - a potion of heal wounds {unknown}
 n - a potion of degeneration {unknown}
 o - a potion of mutation {unknown}
Comestibles
 f - 4 rations


   Skills:
 + Level 3.2 Fighting
 + Level 2.0 Long Blades
 + Level 3.1 Armour
 + Level 1.2 Dodging
 + Level 2.9 Shields


You had 2 spell levels left.
You didn't know any spells.
Your spell library was empty.

Dungeon Overview and Level Annotations

Branches:
Dungeon (2/15)

Annotations:
D:2 Natasha


Innate Abilities, Weirdness & Mutations

You have an increased reservoir of magic. (+10% MP)


Message History

Natasha closely misses you. You block the iron imp's attack.
The leopard gecko bites you but does no damage.
Natasha claws you but does no damage.
You hit Natasha but do no damage.
Natasha is severely wounded.
The leopard gecko bites you but does no damage.
The iron imp hits you. Natasha claws you but does no damage.
You barely miss Natasha.
Natasha is severely wounded.
The leopard gecko bites you.
* * * LOW HITPOINT WARNING * * *
You block Natasha's attack.
The iron imp hits you but does no damage.
The leopard gecko bites you but does no damage.
You miss Natasha.
Natasha is severely wounded.
Natasha claws you!
* * * LOW HITPOINT WARNING * * *
You block the leopard gecko's attack. The iron imp hits you.
You die...

... #.# #....#.# #..
# #.##.#.###.....
.###.#..............
.....#.####†####.#..
.......##.....##
.......#.......#
......)#h......#
......l@..._......
.......#5......#.#
.......#.....(.#.#
.......##.....## #
###.#.. ###.###
...... ... ###.###
.### .


You could see an iron imp, Natasha and a leopard gecko.

Vanquished Creatures
  Natasha (D:2)
  2 dart slugs (D:2)
  6 bats (D:1)
  2 giant cockroaches (D:1)
  A goblin (D:1)
  2 hobgoblins
  2 frilled lizards (D:1)
  A kobold (D:1)
  10 rats
27 creatures vanquished.

Notes
Turn   | Place    | Note
-------+----------+-------------------------------------------
     0 | D:1      | sagitran the Demigod Fighter began the quest for the Orb.
     0 | D:1      | Reached XP level 1. HP: 18/18 MP: 3/3
   252 | D:1      | Reached XP level 2. HP: 24/25 MP: 4/4
   536 | D:2      | Noticed Natasha
   544 | D:2      | Killed Natasha
   544 | D:2      | Reached skill level 1 in Dodging
   544 | D:2      | Reached XP level 3. HP: 22/31 MP: 5/5
   609 | D:2      | Found a glowing golden altar of the Shining One.
   624 | D:2      | Noticed Natasha
   635 | D:2      | Slain by an iron imp

Levels and vault maps discovered:
D:1:      sevenhm_arrival_forest_fort_small_6, layout_basic
D:2:      layout_basic, old_standard_altar, uniq_natasha

Skill      XL: |  1  2  3 |
---------------+----------+-----
Fighting       | 3 |  3.2
Long Blades    | 2 |  2.0
Dodging        | 1 |  1.2
Armour         | 3 |  3.1
Shields        | |  2.9

Action                   || total
-------------------------++-------
Melee: Long sword        ||    69
  Use: Scroll            ||     4
Armor: Scale mail        ||    40
Dodge: Dodged            ||    33
Block: Shield            ||    41
       Rpst.: Long sword ||    14
